 Dungeon Crawl Stone Soup version 0.30-a0-847-g17996783a1 (webtiles) character file.

Game seed: 5267339113907544095

2067 oldmanjim the Blocker (level 9, -5/72 HPs)
             Began as a Formicid Fighter on Mar 4, 2023.
             Was an Initiate of Okawaru.
             Slain by an ogre
             ... wielding a +0 giant club
              (29 damage)
             ... on level 5 of the Dungeon.
             The game lasted 00:28:47 (5073 turns).

oldmanjim the Blocker (Formicid Fighter)            Turns: 5073, Time: 00:28:48

Health: -5/72      AC:  8    Str: 34    XL:     9   Next: 50%
Magic:  9/9        EV:  9    Int:  8    God:    Okawaru [......]
Gold:   204        SH: 11    Dex: 13    Spells: 8/8 levels left

rFire   + . .      SeeInvis +    a - +8 long sword "Sarcophage" {venom, rF+ Str+3}
rCold   . . .      Faith    .    y - +0 kite shield
rNeg    . . .      Spirit   .    g - +0 scale mail
rPois   .          Reflect  .    (helmet unavailable)
rElec   .          Rampage  .    (no cloak)
rCorr   .                        (no gloves)
Will    .....                    l - +0 pair of boots Stlth
                                 m - amulet of regeneration
HPRegen 1.12/turn                e - +6 ring of strength
MPRegen 0.11/turn                v - ring of flight

@: flying, studying Poison Magic
A: permanent stasis, dig shafts and tunnels, antennae 3, four strong arms
a: Dig, Shaft Self, Renounce Religion


You were on level 5 of the Dungeon.
You worshipped Okawaru.
Okawaru was noncommittal.
You visited 2 branches of the dungeon, and saw 7 of its levels.
You also visited: Sewer.

You collected 204 gold pieces.

Inventory:

Hand Weapons
 a - the +8 long sword "Sarcophage" (weapon) {venom, rF+ Str+3}
   (You found it on level 4 of the Dungeon)

   Str:       It affects your strength (+3).
   rF:        It protects you from fire.
 b - a +2 sling of flaming
 B - a +0 war axe of draining
 D - a +3 morningstar of holy wrath
Missiles
 k - 74 stones
 p - 11 poisoned darts
 E - a throwing net
Armour
 g - a +0 scale mail (worn)
 l - a +0 pair of boots (worn)
 t - a +0 plate armour
 y - a +0 kite shield (worn)
Jewellery
 e - a +6 ring of strength (left hand)
 m - an amulet of regeneration (around neck)
 v - a ring of flight (right hand)
Wands
 J - a wand of flame (13)
Scrolls
 c - a scroll of brand weapon
 f - 4 scrolls of fear
 n - 2 scrolls of silence
 q - 2 scrolls of poison
 r - a scroll of fog
 u - 2 scrolls of magic mapping
 G - a scroll of enchant weapon {unknown}
 I - a scroll of identify
 K - a scroll of vulnerability {unknown}
Potions
 d - 3 potions of might
 h - 3 potions of degeneration {unknown}
 i - 2 potions of mutation {unknown}
 j - 9 potions of heal wounds
 o - 3 potions of brilliance
 s - a potion of lignification {unknown}
 w - 2 potions of experience {unknown}
 x - a potion of haste {unknown}
 z - a potion of ambrosia
 C - a potion of cancellation {unknown}
 F - 3 potions of curing {unknown}
 H - 2 potions of berserk rage {unknown}
Miscellaneous
 A - a box of beasts


   Skills:
 + Level 7.6 Fighting
 + Level 2.3 Long Blades
 - Level 2.1 Axes
 - Level 5.0 Ranged Weapons
 - Level 5.0 Armour
 - Level 10.0 Shields
 + Level 2.6 Evocations


You had 8 spell levels left.
You didn't know any spells.
Your spell library contained the following spells:

 Spells                   Type           Power      Damage    Failure   Level
 Cigotuvi's Dreadful Rot  Necr/Pois/Air  0%         N/A       92%         2
 Poisonous Vapours        Pois/Air       0%         N/A       92%         2
 Mephitic Cloud           Conj/Pois/Air  0%         N/A       99%         3
 Manifold Assault         Tloc           0%         N/A       100%        4
 Storm Form               Tmut/Air       0%         N/A       100%        7
 Summon Small Mammal      Summ           Unusable   N/A       N/A         1
 Blink                    Tloc           Unusable   N/A       N/A         2
 Call Canine Familiar     Summ           Unusable   N/A       N/A         3
 Summon Guardian Golem    Hex/Summ       Unusable   N/A       N/A         3

Dungeon Overview and Level Annotations

Branches:
Dungeon (6/15)             Temple (1/1) D:6           Sewer (visited)

Altars:
Cheibriados
Dithmenos
Fedhas
Gozag
Kikubaaqudgha
Nemelex Xobeh
Okawaru
Sif Muna
Trog
Vehumet
Wu Jian
Xom
Yredelemnul

Annotations:
D:4 2 runed translucent doors, exclusion: 2 doors
D:5 Edmund


Innate Abilities, Weirdness & Mutations

You cannot be hasted, slowed, berserked, paralysed or teleported.
You can dig through walls and to a lower floor.
You have a pair of large antennae on your head. (SInv)
Your four strong arms can wield two-handed weapons with a shield.


Message History

Your +2 sling of flaming bursts into flame!
b - a +2 sling of flaming (weapon)
You shoot a sling bullet.
The sling bullet hits Edmund but does no damage.
Your +2 sling of flaming stops flaming.
You feel stronger.
The +8 long sword "Sarcophage" {venom, rF+ Str+3} begins to drip with poison!
a - the +8 long sword "Sarcophage" (weapon)
{venom, rF+ Str+3} You hit Edmund but do no damage.
Edmund is poisoned.
You block Edmund's attack.
You hit Edmund but do no damage.
Edmund looks even sicker.
You block Edmund's attack.
You barely miss Edmund.
Edmund is lightly wounded.
You block Edmund's attack. The ogre misses you.
You slash the ogre!
The ogre is poisoned.
The ogre is heavily wounded.
Edmund closely misses you. You block the ogre's attack.
You barely miss the ogre.
The ogre is heavily wounded.
The ogre hits you with a +0 giant club!!
Edmund closely misses you.
You hit Edmund.
Edmund looks as sick as possible!
Edmund is moderately wounded.
Edmund hits you with a +2 heavy flail! You block the ogre's attack.
You closely miss Edmund.
Edmund is moderately wounded.
The ogre looks more healthy.
You block Edmund's attack.
The ogre hits you with a +0 giant club!!
You slash Edmund!
Edmund is severely wounded.
Edmund hits you with a +2 heavy flail.
* * * LOW HITPOINT WARNING * * *
You block the ogre's attack.
You barely miss Edmund.
Edmund is severely wounded.
You block the ogre's attack. Edmund hits you but does no damage.
You hit Edmund.
Edmund is severely wounded.
The ogre hits you with a +0 giant club!!
You die...

##.,*.#..,** #....
#..,*...,,*###....
##..,#..#..........
##...#...#....#.....
##....O.#.....##...#.
#.......#.#........##
***,##.##.>.....##.##
###@.#.....##......
#.@O...##.........#
#................##
#..##....#....†###
##.#....##......###
#####.###......#..
####.........#
*#[.......#..
#.........#..
#............


You could see Edmund (very poisoned) and an ogre.

Vanquished Creatures
  A wraith (D:6)
  Menkaure (D:4)
  2 black bears
  4 ogres
  2 centaurs (D:6)
  A kobold brigand (Sewer)
  A bullfrog (D:4)
  3 scorpions
  2 wights (D:4)
  A hound (D:6)
  3 jellies
  A gnoll bouda (D:6)
  5 iguanas
  2 sleepcaps (D:4)
  5 gnolls (D:6)
  17 adders
  3 river rats
  A shadow imp (D:4)
  5 worms
  3 dart slugs
  7 orcs
  13 endoplasms
  3 giant cockroaches
  5 goblins
  9 hobgoblins
  8 jackals
  2 quokkas
  9 ball pythons
  4 bats
  5 frilled lizards
  10 kobolds
  5 rats
143 creatures vanquished.

Notes
Turn   | Place    | Note
-------+----------+-------------------------------------------
     0 | D:1      | oldmanjim the Formicid Fighter began the quest for the Orb.
     0 | D:1      | Reached XP level 1. HP: 18/18 MP: 1/1
   197 | D:1      | Reached XP level 2. HP: 23/24 MP: 2/2
   384 | D:1      | Found a faded altar of an unknown god.
   607 | D:1      | Reached XP level 3. HP: 29/29 MP: 3/3
   784 | D:2      | Reached skill level 1 in Ranged Weapons
  1021 | D:2      | Reached XP level 4. HP: 36/37 MP: 4/4
  2124 | D:3      | Reached XP level 5. HP: 42/42 MP: 5/5
  2352 | D:3      | Reached skill level 5 in Shields
  2450 | D:4      | Found an ancient bone altar of Kikubaaqudgha.
  2553 | D:4      | Found a large runed translucent door.
  2554 | D:4      | Found a large runed translucent door.
  2558 | D:4      | Found a large runed translucent door.
  2558 | D:4      | Found a large runed translucent door.
  2631 | D:4      | Noticed an ogre
  2666 | D:3      | Reached XP level 6. HP: 26/49 MP: 6/6
  2728 | D:4      | Noticed Menkaure
  2826 | D:4      | Killed Menkaure
  2827 | D:4      | Reached skill level 5 in Fighting
  2827 | D:4      | Reached skill level 5 in Armour
  2962 | D:4      | Reached XP level 7. HP: 56/56 MP: 7/7
  3320 | D:4      | Identified the +8 long sword "Sarcophage" {venom, rF+
                  | Str+3}
  3402 | D:4      | Reached skill level 6 in Shields
  3402 | D:4      | Reached XP level 8. HP: 64/64 MP: 8/8
  3512 | D:5      | Entered Level 5 of the Dungeon
  3624 | D:5      | Reached skill level 5 in Ranged Weapons
  3624 | D:5      | Reached skill level 7 in Shields
  3791 | D:5      | You are sucked into a shaft and drop 1 floor!
  3791 | D:6      | Found a staircase to the Ecumenical Temple.
  3795 | Temple   | Entered the Ecumenical Temple
  4166 | D:6      | Found a glowing drain.
  4176 | Sewer    | Entered a sewer
  4363 | Sewer    | Reached skill level 8 in Shields
  4568 | D:6      | Reached skill level 9 in Shields
  4568 | D:6      | Reached XP level 9. HP: 72/72 MP: 9/9
  4650 | D:6      | Reached skill level 10 in Shields
  4654 | D:6      | Reached skill level 1 in Long Blades
  4654 | D:6      | Reached skill level 1 in Evocations
  4698 | D:6      | Found an ornate altar of the Wu Jian Council.
  4911 | D:6      | Found an iron altar of Okawaru.
  4918 | D:6      | Found a radiant altar of Vehumet.
  4920 | D:6      | Became a worshipper of Warmaster Okawaru
  5056 | D:5      | Noticed Edmund
  5073 | D:5      | Slain by an ogre

Illustrated notes

Levels and vault maps discovered:
D:1:      dpeg_arrival_renting, layout_basic, basic_ecumenical_altar
D:2:      layout_loops_ring
D:3:      layout_basic
D:4:      minmay_recursive_quarters, layout_basic, marbit_many_paths,
          minmay_hollow_rounded_squares, uniq_menkaure
D:5:      layout_cave_pools, uniq_edmund
D:6:      layout_rooms, nicolae_overflow_hallway_of_the_gods,
          nzn_wu_jian_contemplation, temple_pool_b, lightli_sewer_entry_pipes,
          minmay_manual_mail
Temple:   jpeg_temple_island

Skill      XL: |  1  2  3  4  5  6  7  8  9 |
---------------+----------------------------+-----
Ranged Weapons | 1 2 3 4 5 |  5.0
Fighting       | 4 5 6 7 |  7.6
Armour         | 4 5 |  5.0
Shields        | 5 6 9 10 | 10.0
Long Blades    | 2 |  2.3
Evocations     | 2 |  2.6
Axes           | |  2.1

Action                     |  1- 3 |  4- 6 |  7- 9 || total
---------------------------+-------+-------+-------++-------
  Melee: War axe           |     8 |     3 |    22 ||    33
         Long sword        |       |       |   131 ||   131
   Fire: Sling             |    68 |   148 |   131 ||   347
    Use: Scroll            |       |       |    12 ||    12
 Armour: Scale mail        |    18 |    41 |    65 ||   124
  Dodge: Dodged            |    18 |    50 |    79 ||   147
  Block: Buckler           |    16 |    32 |       ||    48
         Kite shield       |       |       |   118 ||   118

Table legend: (Time is in decaauts)
 A = Elapsed time spent in this place.
 B = Non-inter-level travel time spent in this place.
 C = Inter-level travel time spent in this place.
 D = Time resting spent in this place.
 E = Time spent auto-exploring this place.
 F = Levels seen in this place.
 G = Mean time per level.
                   A        B        C        D        E       F      G
               +--------+--------+--------+--------+--------+-----+--------+
         Total |   5278 |   5000 |    278 |    184 |   3373 |   8 |  659.8 |
       Dungeon |   4712 |   4456 |    256 |    184 |   2956 |   6 |  785.3 |
        Temple |    254 |    232 |     22 |      0 |    227 |   1 |  254.0 |
         Sewer |    311 |    311 |      0 |      0 |    190 |   1 |  311.0 |
               +--------+--------+--------+--------+--------+-----+--------+

Top non-repeatable levels by time:
     D:3: 1189 daAuts
     D:4: 1064 daAuts
     D:1: 748 daAuts
     D:6: 654 daAuts
     D:2: 645 daAuts
     D:5: 410 daAuts
   Sewer: 311 daAuts
  Temple: 254 daAuts
